 Dungeon Crawl Stone Soup version 0.28-a0-991-g956f0ee3d5 (webtiles) character file.

Game seed: 4437036767103893922

14 elagabalus the Magician (level 2, 20/20 HPs)
             Began as a Gnoll Hedge Wizard on Dec 4, 2021.
             Quit the game on level 1 of the Dungeon on Dec 5, 2021.
             The game lasted 00:06:35 (563 turns).

elagabalus the Magician (Gnoll Hedge Wizard)         Turns: 563, Time: 00:06:35

Health: 20/20      AC:  3    Str:  9    XL:     2   Next: 41%
Magic:  10/10      EV: 13    Int: 13    God:
Gold:   14         SH:  0    Dex: 11    Spells: 14/15 levels left

rFire   . . .      SeeInvis .   a - +0 dagger
rCold   . . .      Faith    .   (no shield)
rNeg    . . .      Spirit   .   b - +0 robe
rPois   .          Reflect  .   c - +0 hat
rElec   .          Harm     .   (no cloak)
rCorr   .          Rampage  .   (no gloves)
Will    .....                   e - +0 pair of boots
Stlth   ++........              (no amulet)
HPRegen 0.06/turn               (no ring)
MPRegen 0.12/turn               (no ring)

@: no status effects
A: fangs 1, strong nose, distributed training
a: no special abilities


You were on level 1 of the Dungeon.
You visited 1 branch of the dungeon, and saw 1 of its levels.

You collected 14 gold pieces.

Inventory:

Hand Weapons
 a - a +0 dagger (weapon)
Armour
 b - a +0 robe (worn)
 c - a +0 hat (worn)
 e - a +0 pair of boots (worn)
Scrolls
 f - a scroll of identify {unknown}
 g - 3 scrolls of teleportation {unknown}
 i - a scroll of brand weapon {unknown}
Potions
 d - 2 potions of flight {unknown}
 h - a potion of degeneration {unknown}


   Skills:
 + Level 0.4 Fighting
 + Level 0.4 Short Blades
 + Level 0.4 Long Blades
 + Level 0.4 Axes
 + Level 0.4 Maces & Flails
 + Level 0.4 Polearms
 + Level 0.4 Staves
 + Level 0.4 Slings
 + Level 0.4 Bows
 + Level 0.4 Crossbows
 + Level 0.4 Throwing
 + Level 0.4 Armour
 + Level 4.5 Dodging
 + Level 4.1 Stealth
 + Level 0.4 Shields
 + Level 0.4 Unarmed Combat
 + Level 7.1 Spellcasting
 + Level 2.0 Conjurations
 + Level 0.2 Hexes
 + Level 2.0 Summonings
 + Level 0.2 Necromancy
 + Level 2.0 Translocations
 + Level 0.2 Transmutations
 + Level 0.2 Fire Magic
 + Level 0.2 Ice Magic
 + Level 0.2 Air Magic
 + Level 0.2 Earth Magic
 + Level 0.2 Poison Magic
 + Level 0.5 Invocations
 + Level 0.4 Evocations


You had 14 spell levels left.
You knew the following spells:

 Your Spells              Type           Power      Damage    Failure   Level
a - Magic Dart            Conj           36%        1d4       6%          1

Your spell library contained the following spells:

 Spells                   Type           Power      Damage    Failure   Level
 Blink                    Tloc           18%        N/A       10%         2
 Call Imp                 Summ           9%         N/A       10%         2
 Slow                     Hex            20%        N/A       14%         1
 Static Discharge         Conj/Air       7%         N/A       14%         2
 Conjure Flame            Conj/Fire      7%         6-21      28%         3
 Mephitic Cloud           Conj/Pois/Air  6%         N/A       32%         3
 Lightning Bolt           Conj/Air       3%         1d15      95%         5
 Maxwell's Capacitive Co  Air            2%         ∞         100%        8


Dungeon Overview and Level Annotations

Branches:
Dungeon (1/15)

Altars:

Shops:
D:1 =


Innate Abilities, Weirdness & Mutations

You have very sharp teeth.
Your uncanny sense of smell can sniff out nearby items.
Your experience applies equally to all skills.


Message History

The magic dart hits the frilled lizard.
The frilled lizard is heavily wounded.
The frilled lizard hisses angrily.
Aiming: Magic Dart (safe; 7% risk of failure)
Press: ? - help, Q - select action Shift-Dir - straight line, f/p - frilled lizard
Aim: a frilled lizard (heavily wounded, 100% to hit)
The magic dart hits the frilled lizard.
You kill the frilled lizard!
A kobold comes into view. It is wielding a +0 club.
Aiming: Magic Dart (safe; 7% risk of failure)
Press: ? - help, Q - select action Shift-Dir - straight line, f - kobold
Aim: a kobold, wielding a +0 club (asleep, 100% to hit)
The magic dart hits the kobold.
The kobold is moderately wounded.
The kobold shouts!
Aiming: Magic Dart (safe; 7% risk of failure)
Press: ? - help, Q - select action Shift-Dir - straight line, f/p - kobold
Aim: a kobold, wielding a +0 club (moderately wounded, 100% to hit)
The magic dart hits the kobold.
You kill the kobold!
Things that are here:
a +0 club; a kobold corpse Memorise Static Discharge, consuming 2 spell levels and leaving 12?
Okay, then.
You open the door.
Found a pink potion.
There is an open door here.
Found a stone staircase leading down.
h - a pink potion
Okay, then.
Found Keem Gea's Jewellery Emporium.
Why would you want to do that?
Found a scroll labelled ZABUBB XOAR.
i - a scroll labelled ZABUBB XOAR Autopickup is now off.
Autopickup is now on.
Saving game... please wait.
Welcome back, elagabalus the Gnoll Hedge Wizard.
Press ? for a list of commands and other information.
Are you sure you want to abandon this character and quit the game? (Confirm with "yes".)

...##. #.#...# ..>.. ..# #.#....
...## ### ..# #.#...# ...+ ..#
....#.###.#.... ...# # #.#
............... ...##.# #.#
..###..#..#.##. ......#
#####.####....#..........
##.######........................
................@.≈.≈............
##.######.###.###≈≈.≈≈.#..#.#####
..............#..≈≈∩≈≈.#..#.
.#.######.#####.#≈≈≈≈≈.#..#.
..........# #.##≈≈≈#.# #.
#..#####..# #.# ####.# ..#
..........# #.# #.# ..#
#..######.#####.# #.# ..#
................# #.# #..


There were no monsters in sight!

Vanquished Creatures
  A ball python (D:1)
  3 bats (D:1)
  An endoplasm (D:1)
  2 giant cockroaches (D:1)
  A goblin (D:1)
  A hobgoblin (D:1)
  A kobold (D:1)
  2 frilled lizards (D:1)
12 creatures vanquished.

Notes
Turn   | Place    | Note
-------+----------+-------------------------------------------
     0 | D:1      | elagabalus the Gnoll Hedge Wizard began the quest for the
                  | Orb.
     0 | D:1      | Reached XP level 1. HP: 13/13 MP: 8/8
   123 | D:1      | Reached XP level 2. HP: 11/19 MP: 0/10
   535 | D:1      | Found Keem Gea's Jewellery Emporium.
   563 | D:1      | Quit the game

Illustrated notes

Levels and vault maps discovered:
D:1:      mainiacjoe_arrival_reflecting_pool, layout_basic, serial_shops,
          nicolae_shop_waterfront, kennysheep_flooded_box, serial_bayou_pond_d,
          minmay_lizard_king

Skill      XL: |  1 |
---------------+----+-----
Conjurations   | 2 |  2.0
Summonings     | 2 |  2.0
Translocations | 2 |  2.0
Fighting       | |  0.4
Short Blades   | |  0.4
Long Blades    | |  0.4
Axes           | |  0.4
Maces & Flails | |  0.4
Polearms       | |  0.4
Staves         | |  0.4
Slings         | |  0.4
Bows           | |  0.4
Crossbows      | |  0.4
Throwing       | |  0.4
Armour         | |  0.4
Dodging        | |  4.5
Stealth        | |  4.1
Shields        | |  0.4
Unarmed Combat | |  0.4
Spellcasting   | |  7.1
Hexes          | |  0.2
Necromancy     | |  0.2
Transmutations | |  0.2
Fire Magic     | |  0.2
Ice Magic      | |  0.2
Air Magic      | |  0.2
Earth Magic    | |  0.2
Poison Magic   | |  0.2
Invocations    | |  0.5
Evocations     | |  0.4

Action                   || total
-------------------------++-------
Melee: Dagger            ||    14
 Cast: Magic Dart        ||    26
Armor: Robe              ||     9
Dodge: Dodged            ||    27

Table legend: (Time is in decaauts)
 A = Elapsed time spent in this place.
 B = Non-inter-level travel time spent in this place.
 C = Inter-level travel time spent in this place.
 D = Time resting spent in this place.
 E = Time spent auto-exploring this place.
 F = Levels seen in this place.
 G = Mean time per level.
                   A        B        C        D        E       F      G
               +--------+--------+--------+--------+--------+-----+--------+
         Total |    563 |    173 |    390 |      0 |      0 |   1 |  563.0 |
       Dungeon |    563 |    173 |    390 |      0 |      0 |   1 |  563.0 |
               +--------+--------+--------+--------+--------+-----+--------+

Top non-repeatable levels by time:
     D:1: 563 daAuts
